 Dungeon Crawl Stone Soup version 0.30-a0-637-gacddeb6d44 (webtiles) character file.

Game seed: 12758659183049865436

116 Leeroy the Slasher (level 5, 0/30 HPs)
             Began as a Tengu Warper on Jan 15, 2023.
             Slain by a gnoll bouda
             ... wielding a +0 club
              (11 damage)
             ... on level 3 of the Dungeon.
             The game lasted 00:05:28 (2821 turns).

Leeroy the Slasher (Tengu Warper)                   Turns: 2821, Time: 00:05:29

Health: 0/30       AC:  3    Str: 11    XL:     5   Next: 1%
Magic:  9/9        EV: 15    Int: 14    God:
Gold:   226        SH:  0    Dex: 15    Spells: 3/8 levels left

rFire   + . .      SeeInvis .    a - +0 falchion
rCold   x . .      Faith    .    (no shield)
rNeg    . . .      Spirit   .    b - +0 leather armour
rPois   .          Reflect  .    (helmet restricted)
rElec   .          Harm     .    (no cloak)
rCorr   .          Rampage  .    (no gloves)
Will    .....                    (boots unavailable)
Stlth   +                        (no amulet)
HPRegen 0.25/turn                w - ring of fire
MPRegen 0.11/turn                (no ring)

@: weakened, flying quickly and evasively, quick
A: beak, talons 3, nimble flight
a: no special abilities


You were on level 3 of the Dungeon.
You visited 1 branch of the dungeon, and saw 4 of its levels.

You collected 226 gold pieces.

Inventory:

Hand Weapons
 a - a +0 falchion (weapon)
Missiles
 d - 7 boomerangs of dispersal (quivered)
 m - 4 atropa-tipped darts
Armour
 b - a +0 leather armour (worn)
Magical Staves
 n - a staff of earth
 u - a staff of fire
Jewellery
 w - a ring of fire (left hand)
Wands
 y - a wand of mindburst (11)
 A - a wand of digging (5)
Scrolls
 c - 2 scrolls of blinking
 e - 3 scrolls of teleportation {unknown}
 g - 4 scrolls of identify {unknown}
 k - a scroll of enchant weapon {unknown}
 l - 2 scrolls of summoning {unknown}
 q - a scroll of immolation {unknown}
 r - a scroll of magic mapping {unknown}
 s - a scroll of noise {unknown}
 z - a scroll of poison {unknown}
Potions
 f - 2 potions of flight {unknown}
 h - a potion of degeneration {unknown}
 i - 3 potions of curing {unknown}
 j - 3 potions of haste {unknown}
 o - a potion of invisibility {unknown}
 p - a potion of berserk rage {unknown}
 t - a potion of heal wounds {unknown}
 x - a potion of might {unknown}
 B - a potion of cancellation {unknown}


   Skills:
 - Level 2.0 Fighting
 - Level 5.0 Long Blades
 - Level 1.0 Throwing
 - Level 1.1 Armour
 * Level 3.1 Dodging
 - Level 2.0 Spellcasting
 - Level 2.4 Translocations


You had 3 spell levels left.
You knew the following spells:

 Your Spells              Type           Power      Damage    Failure   Level
a - Blink                 Tloc           16%        N/A       19%         2
b - Vhi's Electric Charg  Tloc/Air       8%         N/A       50%         3

Your spell library contained the following spells:

 Spells                   Type           Power      Damage    Failure   Level
 Momentum Strike          Conj/Tloc      8%         3d8       28%         2
 Gell's Gravitas          Tloc           8%         N/A       34%         3
 Lesser Beckoning         Tloc           16%        N/A       34%         3
 Teleport Other           Tloc           8%         N/A       34%         3
 Manifold Assault         Tloc           8%         N/A       75%         4


Dungeon Overview and Level Annotations

Branches:
Dungeon (4/15)
 Temple: D:4-7

Altars:
Ashenzari
Nemelex Xobeh

Shops:
D:1 *


Innate Abilities, Weirdness & Mutations

You have a beak for a mouth.
You have claws for feet.
Your magical nature lets you fly swiftly and evasively.


Message History

The atropa-tipped dart hits the gnoll bouda.
The gnoll bouda appears confused.
The gnoll bouda is moderately wounded.
Throw: 2 darts (poison)
Press: ? - help, Q - select action, (/) - cycle Shift-Dir - straight line, f/p - gnoll bouda
Aim: a gnoll bouda, wielding a +0 club and wearing a +0 robe (moderately wounded, confused, blind, 82% to hit)
You throw a poisoned dart.
The poisoned dart barely misses the gnoll bouda.
Your attacks no longer feel as feeble.
The gnoll bouda seems less confused.
Throw: dart (poison)
Press: ? - help, Q - select action, (/) - cycle Shift-Dir - straight line, f/p - gnoll bouda
Aim: a gnoll bouda, wielding a +0 club and wearing a +0 robe (moderately wounded, blind, 63% to hit)
You throw a poisoned dart.
The poisoned dart barely misses the gnoll bouda.
You hit the gnoll bouda.
You claw the gnoll bouda, but do no damage.
Your peck misses the gnoll bouda.
The gnoll bouda is moderately wounded.
The gnoll bouda misses you.
You catch the helpless gnoll bouda completely off-guard!
You hit the gnoll bouda. Your kick misses the gnoll bouda.
Your peck misses the gnoll bouda.
The gnoll bouda is heavily wounded.
The gnoll bouda is no longer blind.
The gnoll bouda hits you but does no damage.
You hit the gnoll bouda.
The gnoll bouda is heavily wounded.
The gnoll bouda hits you but does no damage.
You hit the gnoll bouda but do no damage.
The gnoll bouda is heavily wounded.
The gnoll bouda gazes fiercely through you!
You feel your attacks grow feeble. The gnoll bouda completely misses you.
You closely miss the gnoll bouda.
The gnoll bouda is heavily wounded.
The gnoll bouda gazes fiercely through you!
You feel as though you will be weak longer.
The gnoll bouda hits you with a +0 club!
You die...

#.#.#.#...#.#.##.....# #..#.
######.#.#.#.#<..#.##.#######..#.
....##.#.....#.###..#..........#.
###.##.###...#.###..##########.#.
###.##.######..................#.
..........................>#####.
###.#########....#...#.#..)).....
..#.# #....#...#.#.#.#####. #.#.#
#...@#.........# #... #.#.#
#...g#.).......# #.#. #.#.#####
#....#.###.##..###.#. #.......#
#....#......#......#. .##.....#
#...(#####....#.####. .##.....#
#...(................ .##.....#
#####..######.#.##### .##.[...#
##....## #.#.# .##.....#
###..#### #.#.#


You could see a gnoll bouda.

Vanquished Creatures
  2 gnolls (D:3)
  2 adders
  4 worms
  2 dart slugs (D:2)
  5 endoplasms
  4 giant cockroaches
  6 goblins
  3 hobgoblins
  A jackal (D:2)
  3 quokkas (D:2)
  3 ball pythons
  9 bats
  5 frilled lizards
  10 kobolds
  6 rats
65 creatures vanquished.

Notes
Turn   | Place    | Note
-------+----------+-------------------------------------------
     0 | D:1      | Leeroy the Tengu Warper began the quest for the Orb.
     0 | D:1      | Reached XP level 1. HP: 12/12 MP: 4/4
    68 | D:1      | Found Umohiez's Assorted Antiques.
   197 | D:1      | Reached skill level 3 in Long Blades
   197 | D:1      | Reached XP level 2. HP: 17/17 MP: 6/6
   204 | D:1      | Learned a level 2 spell: Blink
   586 | D:2      | Reached XP level 3. HP: 21/21 MP: 7/7
   711 | D:2      | Reached skill level 4 in Long Blades
  1267 | D:2      | Reached XP level 4. HP: 11/26 MP: 8/8
  2352 | D:3      | Learned a level 3 spell: Vhi's Electric Charge
  2380 | D:3      | Found a broken altar of Ashenzari.
  2387 | D:3      | Found a sparkling altar of Nemelex Xobeh.
  2737 | D:3      | Reached skill level 5 in Long Blades
  2737 | D:3      | Gained mutation: Your magical nature lets you fly swiftly
                  | and evasively. [Tengu growth]
  2737 | D:3      | Reached XP level 5. HP: 17/30 MP: 9/9
  2821 | D:3      | Slain by a gnoll bouda

Illustrated notes

Levels and vault maps discovered:
D:1:      eino_arrival_tree_alley, layout_basic, serial_shops,
          nicolae_shop_waterfront, minmay_heptomino_o4
D:2:      wad_river_or_something, layout_loops_ring
D:3:      layout_basic, mainiacjoe_overflow_large_starburst
D:4:      layout_basic, minmay_temple_entry_ruins, gup_sewer_entry_bowl,
          uniq_duvessa

Skill      XL: |  1  2  3  4 |
---------------+-------------+-----
Long Blades    | 3 4 5 |  5.0
Dodging        | 3 |  3.1
Fighting       | |  2.0
Throwing       | |  1.0
Armour         | |  1.1
Spellcasting   | |  2.0
Translocations | |  2.4

Action                   |  1- 3 |  4- 6 || total
-------------------------+-------+-------++-------
Melee: Falchion          |    84 |    53 ||   137
       Kick              |    27 |    12 ||    39
       Peck              |    15 |     7 ||    22
       Punch             |     1 |       ||     1
Throw: Dart              |       |     3 ||     3
 Stab: Sleeping          |     1 |       ||     1
       Invisible         |       |     1 ||     1
Armor: Leather armour    |    27 |    12 ||    39
Dodge: Dodged            |    50 |    33 ||    83

Table legend: (Time is in decaauts)
 A = Elapsed time spent in this place.
 B = Non-inter-level travel time spent in this place.
 C = Inter-level travel time spent in this place.
 D = Time resting spent in this place.
 E = Time spent auto-exploring this place.
 F = Levels seen in this place.
 G = Mean time per level.
                   A        B        C        D        E       F      G
               +--------+--------+--------+--------+--------+-----+--------+
         Total |   2836 |   2686 |    150 |    126 |   2017 |   4 |  709.0 |
       Dungeon |   2836 |   2686 |    150 |    126 |   2017 |   4 |  709.0 |
               +--------+--------+--------+--------+--------+-----+--------+

Top non-repeatable levels by time:
     D:2: 1157 daAuts
     D:3: 1086 daAuts
     D:1: 587 daAuts
     D:4: 4 daAuts
